 Dungeon Crawl Stone Soup version 0.27-a0-1217-g8a41f320e8 (webtiles) character file.

Game seed: 7852562893751157926

1 polve the Skirmisher (level 1, -2/18 HPs)
             Began as a Demonspawn Abyssal Knight on June 5, 2021.
             Was an Initiate of Lugonu.
             Slain by a goblin
             ... wielding a +0 dagger
              (3 damage)
             ... on level 1 of the Dungeon.
             The game lasted 00:00:26 (319 turns).

polve the Skirmisher (Demonspawn Abyssal Knight)     Turns: 319, Time: 00:00:26

Health: -2/18      AC:  3    Str: 12    XL:     1   Next: 16%
Magic:  2/2        EV: 11    Int: 13    God:    Lugonu [......]
Gold:   6          SH:  0    Dex: 12    Spells: 0/0 levels left

rFire    . . .     SeeInvis .   a - +1 short sword
rCold    . . .     Faith    .   (no shield)
rNeg     . . .     Spirit   .   b - +0 leather armour
rPois    .         Reflect  .   (no helmet)
rElec    .         Harm     .   (no cloak)
rCorr    .         Rampage  .   (no gloves)
Will     .....     Rnd*Tele +   (no boots)
Stlth    +.........             (no amulet)
HPRegen  0.06/turn              (no ring)
MPRegen  0.08/turn              (no ring)

@: no status effects
A: teleportitis 1
a: Renounce Religion


You were on level 1 of the Dungeon.
You worshipped Lugonu.
Lugonu was noncommittal.
You visited 1 branch of the dungeon, and saw 1 of its levels.
You visited the Abyss 1 time.

You collected 6 gold pieces.

Inventory:

Hand Weapons
 a - a +1 short sword (weapon)
Armour
 b - a +0 leather armour (worn)
Scrolls
 c - a scroll of noise {unknown}
 e - a scroll of teleportation {unknown}
Potions
 d - a potion of brilliance {unknown}
 f - a potion of mutation {unknown}


   Skills:
 - Level 3.0 Fighting
 + Level 1.9 Short Blades
 - Level 1.7 Armour
 - Level 0.8 Dodging
 - Level 2.4 Invocations


You couldn't memorise any spells.
You didn't know any spells.
Your spell library contained the following spells:

 Spells                   Type           Power      Damage    Failure   Level
 Magic Dart               Conj           0%         1d3       36%         1
 Blink                    Tloc           N/A        N/A       52%         2
 Call Imp                 Summ           0%         N/A       52%         2
 Slow                     Hex            0%         N/A       52%         2
 Conjure Flame            Conj/Fire      0%         6-21      75%         3
 Mephitic Cloud           Conj/Pois/Air  0%         N/A       75%         3


Dungeon Overview and Level Annotations

Branches:
Dungeon (1/15)

Altars:


Innate Abilities, Weirdness & Mutations

You are occasionally teleported next to monsters.


Message History

You hit the kobold.
The kobold is heavily wounded.
You feel strangely unstable.
You are suddenly yanked towards some nearby monsters!
Your surroundings suddenly seem different.
A goblin comes into view. It is wielding a +0 dagger.
The goblin shouts!
A bat comes into view.
An endoplasm comes into view.
Found a chain mail and a leather armour.
Found a stone staircase leading down.
You swing at nothing.
The bat barely misses you.
The endoplasm quivers.
You hit the bat.
The bat is heavily wounded.
The bat misses you.
You closely miss the bat.
The bat is heavily wounded.
The bat misses you.
You swing at nothing.
The bat misses you.
You swing at nothing.
The bat closely misses you.
You swing at nothing.
The bat hits you but does no damage. x2
The goblin closely misses you. The endoplasm freezes you.
You are frozen.
You swing at nothing.
The bat hits you but does no damage. The goblin hits you with a +0 dagger.
The endoplasm hits you but does no damage.
You swing at nothing.
The bat hits you. The goblin hits you with a +0 dagger.
The endoplasm closely misses you.
You swing at nothing.
The bat misses you. The goblin hits you with a +0 dagger.
* * * LOW HITPOINT WARNING * * *
The endoplasm closely misses you.
You swing at nothing.
The bat misses you. The goblin hits you with a +0 dagger.
* * * LOW HITPOINT WARNING * * *
The endoplasm freezes you.
You are frozen.
* * * LOW HITPOINT WARNING * * *
You swing at nothing.
The bat hits you but does no damage. The goblin hits you with a +0 dagger.
You die...

#####
#....########
#...........#
#...........#
#...g@......#
#...J.b.....+
............[.#
..[...........>
...########.###
.. ... + ###


You could see an endoplasm, a goblin and a bat.

Vanquished Creatures
  A quokka (D:1)
1 creature vanquished.

Notes
Turn   | Place    | Note
-------+----------+-------------------------------------------
     0 | Abyss:1  | polve the Demonspawn Abyssal Knight began the quest for the
                  | Orb.
     0 | Abyss:1  | Reached XP level 1. HP: 18/18 MP: 2/2
    36 | Abyss:2  | Found a corrupted altar of Lugonu.
    74 | Abyss:2  | Found a corrupted altar of Lugonu.
    91 | Abyss:2  | Noticed a small abomination
    94 | Abyss:2  | Noticed a neqoxec
    94 | Abyss:2  | Gained mutation: You are occasionally teleported next to
                  | monsters. [a neqoxec]
   101 | Abyss:3  | Found a corrupted altar of Lugonu.
   158 | Abyss:3  | Noticed a neqoxec
   172 | Abyss:3  | Noticed a neqoxec
   174 | D:1      | Escaped the Abyss
   319 | D:1      | Slain by a goblin

Illustrated notes

Levels and vault maps discovered:
D:1:      psy_arrival_spokes, layout_basic, ebering_ecumenical_altar_petrified

Action                   || total
-------------------------++-------
Melee: Short sword       ||    11
Invok: Depart the Abyss  ||     1
Armor: Leather armour    ||     6
Dodge: Dodged            ||    17

Table legend: (Time is in decaauts)
 A = Elapsed time spent in this place.
 B = Non-inter-level travel time spent in this place.
 C = Inter-level travel time spent in this place.
 D = Time resting spent in this place.
 E = Time spent auto-exploring this place.
 F = Levels seen in this place.
 G = Mean time per level.
                   A        B        C        D        E       F      G
               +--------+--------+--------+--------+--------+-----+--------+
         Total |    318 |    318 |      0 |      0 |    245 |   4 |   79.5 |
       Dungeon |    145 |    145 |      0 |      0 |    113 |   1 |  145.0 |
         Abyss |    173 |    173 |      0 |      0 |    132 |   3 |   57.7 |
               +--------+--------+--------+--------+--------+-----+--------+

Top non-repeatable levels by time:
     D:1: 145 daAuts
 Abyss:3: 74 daAuts
 Abyss:2: 62 daAuts
 Abyss:1: 36 daAuts
